 Dungeon Crawl Stone Soup version 0.29-a0-219-g0a02b1cf4f (webtiles) character file.

Game seed: 3248606581721144100

1255 shoop the Archer (level 8, -1/43 HPs)
             Began as a Deep Elf Hunter on Feb 25, 2022.
             Slain by a centaur zombie (3 damage)
             ... in an ossuary on Feb 26, 2022.
             The game lasted 00:09:16 (6019 turns).

shoop the Archer (Deep Elf Hunter)                  Turns: 6019, Time: 00:09:16

Health: -1/43      AC:  6    Str:  7 (9)  XL:     8   Next: 26%
Magic:  19/19      EV: 12    Int: 18 (19) God:
Gold:   279        SH:  0    Dex: 13 (15) Spells: 7/7 levels left

rFire   . . .      SeeInvis .   a - +1 shortbow
rCold   . . .      Faith    .   (shield currently unavailable)
rNeg    . . .      Spirit   .   y - +2 robe {Will+}
rPois   .          Reflect  .   k - +0 helmet
rElec   .          Harm     .   (no cloak)
rCorr   .          Rampage  .   u - +0 pair of gloves
Will    ++...                   (no boots)
Stlth   ++........              (no amulet)
HPRegen 0.14/turn               v - ring of willpower
MPRegen 0.16/turn               p - ring of magical power

@: marked
A: no striking features
a: no special abilities


You were in an ossuary.
You visited 2 branches of the dungeon, and saw 6 of its levels.
You also visited: Ossuary.

You collected 279 gold pieces.

Inventory:

Hand Weapons
 a - a +1 shortbow (weapon)
Armour
 b - a +0 leather armour
 k - a +0 helmet (worn)
 u - a +0 pair of gloves (worn)
 y - a +2 robe of willpower (worn)
Jewellery
 p - a ring of magical power (right hand)
 v - a ring of willpower (left hand)
Wands
 x - a wand of mindburst (13)
Scrolls
 c - 3 scrolls of identify {unknown}
 d - a scroll of noise {unknown}
 e - a scroll of fear {unknown}
 f - a scroll of holy word {unknown}
 m - 2 scrolls of torment {unknown}
 n - 3 scrolls of magic mapping {unknown}
 o - a scroll of amnesia {unknown}
 q - a scroll of brand weapon {unknown}
 s - a scroll of blinking {unknown}
 w - a scroll of teleportation {unknown}
Potions
 g - 4 potions of magic
 h - 4 potions of heal wounds
 i - a potion of lignification {unknown}
 j - a potion of curing {unknown}
 r - a potion of berserk rage {unknown}
 t - a potion of attraction {unknown}


   Skills:
 - Level 1.5 Fighting
 * Level 12.8 Bows
 - Level 2.4 Dodging
 - Level 4.0 Stealth
 - Level 3.0 Evocations


You had 7 spell levels left.
You didn't know any spells.
Your spell library contained the following spells:

 Spells                   Type           Power      Damage    Failure   Level
 Magic Dart               Conj           0%         1d3       22%         1
 Call Imp                 Summ           0%         N/A       32%         2
 Ensorcelled Hibernation  Hex/Ice        0%         N/A       32%         2
 Gell's Gravitas          Tloc           0%         N/A       54%         3
 Lesser Beckoning         Tloc           0%         N/A       54%         3
 Mephitic Cloud           Conj/Pois/Air  0%         N/A       54%         3
 Spider Form              Tmut/Pois      0%         N/A       54%         3
 Summon Guardian Golem    Hex/Summ       0%         N/A       54%         3
 Teleport Other           Tloc           0%         N/A       54%         3
 Anguish                  Hex/Necr       0%         N/A       91%         4
 Orb of Destruction       Conj           0%         9d5       100%        7
 Spellforged Servitor     Conj/Summ      0%         N/A       100%        7


Dungeon Overview and Level Annotations

Branches:
Dungeon (5/15)             Temple (1/1) D:4         Ossuary (1/1)

Altars:
Ashenzari
Cheibriados
Dithmenos
Gozag
Hepliaklqana
Kikubaaqudgha
Nemelex Xobeh
Okawaru
Qazlal
Ru
Sif Muna
Trog
Wu Jian
Xom
Yredelemnul

Shops:
D:4 =

Annotations:
D:3 Ijyb
D:5 exclusion: black bear, Menkaure


Message History

You shoot an arrow. The arrow hits the hobgoblin zombie!
You destroy the hobgoblin zombie!
Shoot: a) +1 shortbow
Press: ? - help, Shift-Dir - straight line, f - mummy
Aim: a mummy (78% to hit)
You shoot an arrow. The arrow hits the mummy!
The mummy is heavily damaged.
The mummy hits you.
* * * LOW HITPOINT WARNING * * *
The centaur zombie hits you but does no damage.
The centaur zombie barely misses you.
Shoot: a) +1 shortbow
Press: ? - help, Shift-Dir - straight line, f/p - mummy
Aim: a mummy (heavily damaged, 78% to hit)
You shoot an arrow. The arrow hits the mummy!
The mummy is almost destroyed.
The centaur zombie barely misses you.
The centaur zombie kicks you but does no damage.
Shoot: a) +1 shortbow
Press: ? - help, Shift-Dir - straight line, f/p - mummy
Aim: a mummy (almost destroyed, 78% to hit)
You shoot an arrow.
The arrow hits the mummy but does no damage.
The mummy is almost destroyed.
The centaur zombie hits you but does no damage.
The centaur zombie barely misses you.
Shoot: a) +1 shortbow
Press: ? - help, Shift-Dir - straight line, f/p - mummy
Aim: a mummy (almost destroyed, 78% to hit)
You shoot an arrow. The arrow closely misses the mummy.
The mummy hits you but does no damage.
The centaur zombie hits you but does no damage.
The centaur zombie kicks you but does no damage.
The hobgoblin zombie closely misses you.
Shoot: a) +1 shortbow
Press: ? - help, Shift-Dir - straight line, f/p - mummy
Aim: a mummy (almost destroyed, 78% to hit)
You shoot an arrow. The arrow completely misses the mummy.
The centaur zombie hits you.
You die...

#
#.###########
...........Z##
..^.......ZZ@#
..^..∩.∩..ZM.#
.............#
............##
#.###########
#


You could see a mummy, 3 hobgoblin zombies and a centaur zombie.

Vanquished Creatures
  Grinder (D:3)
  Sigmund (D:2)
  A sky beast (D:5)
  3 ogres
  A scorpion (D:4)
  A hound (D:5)
  A jelly (D:4)
  3 orc priests
  Jessica (D:3)
  Natasha (twice) (D:2)
  2 orc wizards
  2 mummies (Ossuary)
  Robin (D:2)
  A gnoll (D:1)
  8 adders
  3 worms
  12 orcs
  4 endoplasms
  4 giant cockroaches
  15 goblins
  10 hobgoblins
  6 jackals
  7 kobolds
  2 quokkas
  7 ball pythons
  A bat (D:3)
  2 frilled lizards (D:1)
  A hobgoblin zombie (Ossuary)
  5 rats
108 creatures vanquished.

Vanquished Creatures (others)
  17 fungi
  3 plants (D:3)
20 creatures vanquished.

Grand Total: 128 creatures vanquished

Notes
Turn   | Place    | Note
-------+----------+-------------------------------------------
     0 | D:1      | shoop the Deep Elf Hunter began the quest for the Orb.
     0 | D:1      | Reached XP level 1. HP: 12/12 MP: 3/3
    83 | D:1      | Reached XP level 2. HP: 15/16 MP: 4/4
   114 | D:1      | Reached skill level 6 in Bows
   474 | D:1      | Reached XP level 3. HP: 20/20 MP: 5/5
  1062 | D:2      | Reached skill level 7 in Bows
  1075 | D:2      | Noticed Robin
  1102 | D:2      | Killed Robin
  1222 | D:2      | Reached XP level 4. HP: 25/25 MP: 6/6
  1470 | D:2      | Noticed Sigmund
  1600 | D:3      | HP: 1/25 [poisoned by an adder]
  1976 | D:3      | Noticed Jessica
  1984 | D:3      | Killed Jessica
  2041 | D:3      | Noticed Grinder
  2161 | D:3      | Reached skill level 8 in Bows
  2167 | D:3      | Reached XP level 5. HP: 23/29 MP: 7/7
  2351 | D:3      | Found a faded altar of an unknown god.
  2407 | D:3      | Noticed Ijyb
  2435 | D:3      | Paralysed by Grinder for 4 turns
  2450 | D:3      | Paralysed by Grinder for 6 turns
  2458 | D:3      | Killed Grinder
  2459 | D:3      | Reached skill level 9 in Bows
  2459 | D:3      | Reached XP level 6. HP: 11/34 MP: 8/8
  2698 | D:3      | Found a stormy altar of Qazlal.
  3299 | D:2      | Noticed Natasha
  3311 | D:2      | Killed Natasha
  3312 | D:2      | Reached skill level 10 in Bows
  3484 | D:2      | Noticed Natasha
  3488 | D:2      | Killed Natasha
  3916 | D:4      | Reached XP level 7. HP: 38/38 MP: 9/9
  4265 | D:4      | Found a staircase to the Ecumenical Temple.
  4300 | Temple   | Entered the Ecumenical Temple
  4842 | D:4      | Found Viufep's Jewellery Boutique.
  4878 | D:4      | Reached skill level 11 in Bows
  4878 | D:4      | Reached skill level 1 in Evocations
  4892 | D:4      | Found a broken altar of Ashenzari.
  5067 | D:4      | Found an ornate altar of the Wu Jian Council.
  5555 | D:2      | Killed Sigmund
  5556 | D:2      | Reached skill level 12 in Bows
  5556 | D:2      | Reached XP level 8. HP: 15/43 MP: 10/10
  5803 | D:5      | Entered Level 5 of the Dungeon
  5847 | D:5      | Noticed Menkaure
  5978 | D:5      | Found a sand-covered staircase.
  5997 | Ossuary  | Entered an ossuary
  6010 | Ossuary  | HP: 1/43 [mummy (4)]
  6019 | Ossuary  | Slain by a centaur zombie

Illustrated notes

Levels and vault maps discovered:
D:1:      matt_arrival_spirals, layout_basic, serial_forest,
          infiniplex_forest_split, infiniplex_forest_straight_3,
          infiniplex_forest_zigzag_2, infiniplex_forest_lined_room_2,
          infiniplex_forest_end_1
D:2:      layout_basic, uniq_natasha, uniq_sigmund, uniq_robin
D:3:      layout_loops_ring, grunt_qazlal_sundering,
          shapermc_ecumenical_altar_hornbeckon, uniq_ijyb, uniq_jessica,
          uniq_grinder
D:4:      layout_basic, nicolae_ashenzari_panopticon,
          nicolae_wu_jian_immortal_techniques,
          minmay_temple_entry_drinking_statues, serial_shops,
          nicolae_shop_behind_doors, serial_curves, eino_curves_02,
          eino_curves_02
D:5:      layout_loops_ring, cheibrodos_sewer_entry_drain, serial_aquarium,
          aquarium_bridge_long_joined [aquarium_subvault_bridge,
          aquarium_subvault_window, aquarium_subvault_bridge,
          aquarium_subvault_balcony, aquarium_subvault_wall,
          aquarium_subvault_bridge], aquarium_window_fake,
          aquarium_window_corridor_1, aquarium_window_1, aquarium_window_1,
          aquarium_view_2c, aquarium_pool_four, serial_shops, shop_statue,
          enter_ossuary_1, uniq_menkaure
Temple:   minmay_temple_forest_path
Ossuary:  ossuary_the_hunt_dpeg

Skill      XL: |  1  2  3  4  5  6  7  8 |
---------------+-------------------------+-----
Bows           | 6 7 8 9 10 12 | 12.8
Stealth        | 2 3 4 |  4.0
Evocations     | 2 3 |  3.0
Fighting       | |  1.5
Dodging        | |  2.4

Action                   |  1- 3 |  4- 6 |  7- 9 || total
-------------------------+-------+-------+-------++-------
 Fire: Shortbow          |    84 |   144 |   131 ||   359
  Use: Potion            |       |       |     3 ||     3
Armor: Leather armour    |     5 |     8 |     3 ||    16
       Robe              |       |       |    13 ||    13
Dodge: Dodged            |    10 |    16 |    19 ||    45

Table legend: (Time is in decaauts)
 A = Elapsed time spent in this place.
 B = Non-inter-level travel time spent in this place.
 C = Inter-level travel time spent in this place.
 D = Time resting spent in this place.
 E = Time spent auto-exploring this place.
 F = Levels seen in this place.
 G = Mean time per level.
                   A        B        C        D        E       F      G
               +--------+--------+--------+--------+--------+-----+--------+
         Total |   6052 |   5770 |    282 |    954 |   3899 |   7 |  864.6 |
       Dungeon |   5598 |   5364 |    234 |    954 |   3525 |   5 | 1119.6 |
        Temple |    434 |    386 |     48 |      0 |    374 |   1 |  434.0 |
       Ossuary |     19 |     19 |      0 |      0 |      0 |   1 |   19.0 |
               +--------+--------+--------+--------+--------+-----+--------+

Top non-repeatable levels by time:
     D:3: 1886 daAuts
     D:2: 1361 daAuts
     D:4: 1128 daAuts
     D:1: 1032 daAuts
  Temple: 434 daAuts
     D:5: 191 daAuts
 Ossuary: 19 daAuts
